 Dungeon Crawl Stone Soup version 0.18.1-48-g4cf74bf (console) character file.

7362 Kloppie the Cleaver (level 11, -9/97 HPs)
             Began as a Hill Orc Fighter on June 28, 2016.
             Was an Elder of Makhleb.
             Mangled by a polar bear (25 damage)
             ... on level 9 of the Dungeon.
             The game lasted 00:14:43 (8569 turns).

Kloppie the Cleaver (Hill Orc Fighter)              Turns: 8569, Time: 00:14:44

Health: -9/97      AC: 11    Str: 20    XL:     11   Next: 14%
Magic:  11/11      EV: 13    Int:  8    God:    Makhleb [****..]
Gold:   567        SH:  0    Dex: 13    Spells: 0 memorised, 10 levels left

rFire  . . .     SeeInvis .     a - +1 war axe
rCold  . . .     Gourm    .     b - +1 scale mail
rNeg   . . .     Faith    .     (no shield)
rPois  .         Spirit   .     t - +1 helmet
rElec  .         Dismiss  .     (no cloak)
rCorr  .         Reflect  .     o - +0 pair of gloves
SustAt .         Harm     .     (no boots)
MR     .....                    D - amulet of regeneration
Stlth  ..........               (no ring)
                                x - +4 ring of evasion

@: drained, not resistant to hostile enchantments, extremely unstealthy
A: no striking features
a: Minor Destruction, Lesser Servant of Makhleb, Major Destruction, Renounce
Religion


You were on level 9 of the Dungeon.
You worshipped Makhleb.
Makhleb was greatly pleased with you.
You were not hungry.

You visited 2 branches of the dungeon, and saw 10 of its levels.
You also visited: Bailey.

You collected 567 gold pieces.

Inventory:

Hand Weapons
 a - a +1 war axe (weapon)
Missiles
 B - 2 throwing nets (quivered)
Armour
 b - a +1 scale mail (worn)
 c - a +0 shield
 o - a +0 pair of gloves (worn)
 t - a +1 helmet (worn)
 C - a +0 large shield
 E - a +0 plate armour
Jewellery
 d - a +3 amulet of reflection
 x - a +4 ring of evasion (left hand)
 D - an amulet of regeneration (around neck)
Wands
 y - a wand of lightning (7/15)
Scrolls
 e - 5 scrolls of identify
 g - 2 scrolls of enchant armour
 i - 3 scrolls of teleportation
 q - 2 scrolls of remove curse
 r - a scroll of fog
Potions
 h - a potion of curing
 j - a potion of mutation
 k - a potion of ambrosia
 l - a potion of flight
 n - 2 potions of cure mutation
 w - a potion of haste {unknown}
 z - 2 potions of cancellation
 A - 2 potions of heal wounds
Books
 v - Vehumet's Catalogue of Battle Magic
   (You found it on level 7 of the Dungeon)

   Spells                             Type                      Level
   a - Magic Dart                     Conjuration                  1
 F - a Fen Folio

   Spells                             Type                      Level
   a - Corpse Rot                     Necromancy                   2
   b - Stone Arrow                    Conjuration/Earth            3
   c - Leda's Liquefaction            Hexes/Earth                  4
   d - Summon Forest                  Summoning/Translocation      5
   e - Hydra Form                     Transmutation                6
   f - Summon Hydra                   Summoning                    7
Comestibles
 f - 12 bread rations
 m - 11 beef jerkies
 s - 5 meat rations
 G - 11 chunks of flesh
 H - a fruit


   Skills:
 - Level 9.3(9.0) Fighting
 + Level 14.7(14.4) Axes
 - Level 3.2(3.0) Armour
 + Level 11.0(10.7) Shields


You had 10 spell levels left.
You didn't know any spells.

Dungeon Overview and Level Annotations

Branches:
Dungeon (9/15)             Temple (1/1) D:5
   Lair: D:8-11         Orc: D:9-12

Altars:
Ashenzari
Cheibriados
Dithmenos
Elyvilon
Fedhas
Gozag
Kikubaaqudgha
Makhleb
Nemelex Xobeh
Okawaru
Pakellas
Qazlal
Ru
Sif Muna
Vehumet
Xom
Yredelemnul
Zin

Shops:
D:8 (   D:9 *


Message History

The polar bear misses you.
The polar bear claws you but does no damage.
You slash the polar bear!
The polar bear is severely wounded.
You closely miss the polar bear.
The polar bear is severely wounded.
The polar bear goes berserk!
You hit the polar bear but do no damage.
The polar bear is severely wounded.
The polar bear bites you!!
* * * LOW HITPOINT WARNING * * *
The polar bear claws you but does no damage.
The polar bear claws you.
* * * LOW HITPOINT WARNING * * *
Drink which item? (? for menu, Esc to quit)
You feel much better. The polar bear bites you!
* * * LOW HITPOINT WARNING * * *
The polar bear claws you but does no damage.
The polar bear completely misses you. The polar bear bites you!!
You die...

......#.# ##.≈.≈.≈≈..## .#
##.#.#..# #....≈≈.≈... .#
#..###.#####...≈≈≈.≈.# .##
##.###........≈≈≈≈≈≈≈.#######..##
..#.#..........†.≈≈≈..#..........
#.##.#...###...≈))≈.....hz.......
#.###.#.## #.#.≈.≈≈..##.##...≈≈≈[
#.# #.### #.#..))≈..##.##..≈≈≈≈≈
#.# #># #)#..@)..###...Y≈≈≈≈≈≈
#.###.# #.#..)h.## #.#..h≈≈≈≈≈
......# #.....≈≈.....##..z≈≈≈.
#.##### #######≈#######..≈z...
#.# #≈# #...z... #.# #≈# ##......
..# #h# #.#.##. #.#


hh. .. .. . #.# You could see a polar bear (berserk).

Vanquished Creatures
  Erica (D:9)
  The ghost of MirrMurr the Basher, a novice GrBe of Trog (D:7)
  A hill giant (D:9)
  A troll (D:9)
  Sigmund (D:5)
  3 yaks (D:9)
  A hungry ghost (D:7)
  Menkaure (D:4)
  Edmund (D:5)
  A water moccasin (D:8)
  Duvessa (D:5)
  An orc warrior (D:8)
  7 ice beasts
  A sky beast (D:8)
  5 ogres
  2 wolves (D:9)
  A centaur (D:9)
  A big kobold (D:8)
  The ghost of cutebanana the Magician, an amateur GrWz (D:3)
  4 giant frogs
  A gnoll sergeant (D:8)
  Dowan (D:5)
  2 scorpions
  12 wights
  An electric eel (D:9)
  8 howler monkeys
  3 crimson imps
  4 hounds
  A quasit (D:8)
  A giant frog zombie (D:8)
  2 jellies
  2 orc priests
  A centaur zombie (D:6)
  8 orc wizards
  A centaur skeleton (D:6)
  A gnoll shaman (D:9)
  Jessica (D:2)
  Natasha (D:2)
  4 iguanas
  6 worker ants
  A wasp simulacrum (D:9)
  A hound zombie (D:7)
  A hound skeleton (D:5)
  A worker ant zombie (D:5)
  7 gnolls
  3 adders
  A howler monkey skeleton (D:8)
  A hound simulacrum (D:9)
  A shadow imp (D:9)
  2 white imps (D:9)
  An ooze (D:5)
  An adder zombie (D:7)
  An adder skeleton (D:5)
  A worm (D:3)
  5 giant geckos
  26 orcs
  A ball python (D:4)
  9 bats
  A giant cockroach (D:3)
  8 goblins
  4 hobgoblins
  18 jackals
  5 quokkas
  8 giant newts
  13 kobolds
  3 rats
221 creatures vanquished.

Vanquished Creatures (others)
  A lightning spire (D:5)
  2 bushes (D:5)
3 creatures vanquished.

Grand Total: 224 creatures vanquished

Notes
Turn   | Place    | Note
--------------------------------------------------------------
     0 | D:1      | Kloppie the Hill Orc Fighter began the quest for the Orb.
     0 | D:1      | Reached XP level 1. HP: 19/19 MP: 1/1
   215 | D:1      | Reached skill level 3 in Axes
   246 | D:1      | Reached XP level 2. HP: 20/27 MP: 2/2
   796 | D:2      | Noticed Natasha
   802 | D:2      | Killed Natasha
   802 | D:2      | Reached skill level 4 in Axes
   802 | D:2      | Reached XP level 3. HP: 22/34 MP: 3/3
  1168 | D:2      | Noticed Jessica
  1180 | D:2      | Killed Jessica
  1180 | D:2      | Reached XP level 4. HP: 24/41 MP: 4/4
  1409 | D:3      | Reached skill level 5 in Fighting
  1471 | D:3      | Noticed cutebanana's ghost (amateur GrWz)
  1498 | D:3      | Killed cutebanana's ghost
  1498 | D:3      | Reached skill level 5 in Axes
  1498 | D:3      | Reached XP level 5. HP: 8/50 MP: 5/5
  2146 | D:4      | Reached XP level 6. HP: 38/57 MP: 6/6
  2379 | D:4      | Reached skill level 6 in Axes
  2565 | D:4      | Found a shattered altar of Ashenzari.
  2620 | D:4      | Noticed Menkaure
  2632 | D:4      | Killed Menkaure
  2632 | D:4      | Reached skill level 7 in Axes
  2632 | D:4      | Reached XP level 7. HP: 19/66 MP: 7/7
  3273 | D:5      | Entered Level 5 of the Dungeon
  3277 | D:5      | Noticed Sigmund
  3279 | D:5      | Found a staircase to the Ecumenical Temple.
  3314 | D:5      | Killed Sigmund
  3314 | D:5      | Reached skill level 8 in Axes
  3324 | Temple   | Entered the Ecumenical Temple
  3666 | Temple   | Became a worshipper of Makhleb the Destroyer
  3692 | D:5      | Noticed Edmund
  3715 | D:5      | Killed Edmund
  3715 | D:5      | Reached XP level 8. HP: 46/75 MP: 8/8
  3842 | D:5      | Noticed Dowan
  3843 | D:5      | Noticed Duvessa
  3851 | D:5      | Killed Dowan
  3851 | D:5      | Reached skill level 9 in Axes
  3881 | D:5      | Killed Duvessa
  4371 | D:5      | Found an oddly glowing altar of Pakellas.
  4372 | D:5      | Noticed a cyclops
  4608 | D:5      | Reached * piety under Makhleb
  4627 | D:5      | Reached skill level 10 in Axes
  5156 | D:6      | Reached XP level 9. HP: 73/83 MP: 9/9
  5165 | D:6      | Reached skill level 5 in Shields
  5336 | D:6      | Got a warped leather armour
  5337 | D:6      | Identified the +1 leather armour "Rejimupt" {rPois MR+++ Int-2 Slay-6} (You found it on level 6 of the Dungeon)
  5522 | D:7      | Reached skill level 11 in Axes
  5566 | D:7      | Reached ** piety under Makhleb
  5576 | D:7      | Noticed MirrMurr's ghost (novice GrBe)
  5630 | D:7      | Killed MirrMurr's ghost
  5765 | D:7      | Reached skill level 12 in Axes
  5774 | D:7      | Found an ancient bone altar of Kikubaaqudgha.
  5776 | D:7      | Found a deep blue altar of Sif Muna.
  5778 | D:7      | Found a radiant altar of Vehumet.
  5783 | D:7      | Identified Vehumet's Catalogue of Battle Magic
  6042 | D:7      | Found a sacrificial altar of Ru.
  6466 | D:8      | Found a flagged portal.
  6515 | Bailey   | Entered a bailey
  6517 | Bailey   | Noticed Elizilla's ghost (novice TrMo)
  6896 | D:8      | Reached XP level 10. HP: 37/91 MP: 10/10
  7179 | D:8      | Found Ynejuliq's Weapon Emporium.
  7288 | D:8      | Reached *** piety under Makhleb
  7346 | D:8      | Reached skill level 13 in Axes
  8189 | D:9      | Reached **** piety under Makhleb
  8192 | D:9      | Found Zafucajo's General Store.
  8279 | D:9      | Noticed Erica
  8300 | D:9      | Killed Erica
  8300 | D:9      | Reached skill level 10 in Shields
  8317 | D:9      | Reached skill level 14 in Axes
  8489 | D:9      | Reached XP level 11. HP: 97/97 MP: 11/11
  8498 | D:9      | Noticed a hill giant
  8513 | D:9      | Killed a hill giant
  8568 | D:9      | HP: 2/97 [polar bear (21)]
  8569 | D:9      | Mangled by a polar bear

Skill      XL: |  1  2  3  4  5  6  7  8  9 10 11 |
---------------+----------------------------------+-----
Axes           | 3 4 5 7 8 10 12 14 | 14.7
Fighting       | 4 5 6 7 8 9 |  9.3
Shields        | 4 8 10 11 | 11.0
Armour         | |  3.2

Action                   |  1- 3 |  4- 6 |  7- 9 | 10-12 || total
-------------------------+-------+-------+-------+-------++-------
Melee: War axe           |    71 |    99 |   398 |   282 ||   850
  Use: Potion            |       |     4 |     7 |     4 ||    15
       Scroll            |       |       |    17 |     2 ||    19
 Stab: Paralysed         |       |       |     1 |       ||     1
  Eat: Chunk             |     1 |     5 |    15 |     6 ||    27
Armor: Scale mail        |    32 |    44 |   107 |   106 ||   289
Dodge: Dodged            |    46 |    56 |   234 |   180 ||   516
Block: Other             |       |       |    48 |    11 ||    59
       Shield            |       |       |     2 |       ||     2
       Reflection        |       |       |     1 |     1 ||     2
